Map: 베를린그라드 - 래더

Players

Dream - Winner!

  • Race: Terran Terran
  • League: Master

DPGRogue (Rogue)

  • Race: Zerg Zerg

Event: DreamHack SC2 Masters Last Chance 2022

VOD

Have the link to the VOD?

Description

Time

  • Played on: Dec. 15, 2021, 5:11 a.m.
  • Length: 3:32

All games in this series

Show
View Real Time Build Order
Export as new Build Order

Dream Terran - Winner!

Build Orders:  

Get SALT Encoding   

  12  0:00  SCV  
  13  0:12  SCV  
  14  0:17  Supply Depot  
  14  0:24  SCV  
  15  0:39  Barracks  
  15  0:50  Barracks  
  15  1:02  Barracks  
  15  1:08  SCV  
  16  1:20  SCV  
  17  1:27  Marine  
  18  1:33  Orbital Command  
  18  1:38  Marine  
  19  1:45  Marine  
  20  1:49  Marine  
  21  2:00  Marine  
  22  2:03  Marine  
  22  2:05  Supply Depot  
  23  2:09  Bunker  
  23  2:23  Bunker  
  23  2:26  Marine  
  23  2:28  Marine  
  23  2:29  Marine  
  26  2:33  SCV  
  24  2:44  Marine  
  24  2:45  SCV  
  24  2:46  Marine  
  24  2:48  Marine  
  26  2:58  SCV  
  27  3:03  Marine  
  27  3:08  Marine  
  27  3:10  SCV  
  27  3:11  Supply Depot  
  27  3:12  Marine  
Show
View Real Time Build Order
Export as new Build Order

DPGRogue Zerg 

Build Orders: Hatch First 

Get SALT Encoding   

  12  0:00  Drone  
  13  0:12  Overlord  
  13  0:16  Drone  
  14  0:30  Drone x2  
  16  0:48  Hatchery  
  15  0:50  Drone  
  15  0:54  Drone  
  17  0:58  Drone  
  18  1:09  Extractor  
  17  1:15  Spawning Pool  
  16  1:20  Drone  
  16  1:23  Drone  
  18  1:48  Drone  
  19  2:02  Zergling x8, Queen x2  
  27  2:10  Spine Crawler  
  27  2:14  Zergling x2  
  26  2:24  Zergling x2  
  26  2:26  Zergling x2  
  22  2:41  Zergling x2  
  21  2:50  Zergling x2  
  18  2:56  Zergling x2  
  18  3:06  Drone  

Tags
 
Add a new tag
Caveats
  • Supply blocks, unpowered buildings, or Contaminate may cause inaccurate times.
  • Supply counts are checked every 10 seconds.